 Dungeon Crawl Stone Soup version 0.19.1 (webtiles) character file.

125994 Peloso the Peltast (level 16, -10/154 HPs)
             Began as a Deep Dwarf Fighter on Dec 15, 2016.
             Was a Priest of Elyvilon.
             Mangled by dricus's ghost (13 damage)
             ... on level 2 of the Shoals.
             The game lasted 02:18:37 (25658 turns).

Peloso the Peltast (Deep Dwarf Fighter)            Turns: 25658, Time: 02:18:38

Health: -10/154    AC: 21    Str: 35    XL:     16   Next: 42%
Magic:  15/24      EV: 21    Int: 11    God:    Elyvilon [***...]
Gold:   2905       SH: 20    Dex: 27    Spells: 0 memorised, 15 levels left

rFire  + . .     SeeInvis +     A - +3 scimitar (flame)
rCold  . . .     Gourm    .     C - +5 scale mail "Cynuat Wong" {rF- Str+5 Dex+2}
rNeg   + + .     Faith    .     L - +0 shield {AC+3}
rPois  .         Spirit   .     (no helmet)
rElec  +         Reflect  +     b - +1 cloak of Chimes {rF+ rN+ Regen+ Stlth+}
rCorr  .         Harm     .     z - +0 pair of gloves
MR     ++...                    (no boots)
Stlth  ++++......               o - +2 amulet of reflection
                                M - ring "Wurchull" {*Slow rElec Dex+5 SInv}
                                O - ring of Womof {Wiz *Contam +Fly rF+ Dex+8}

@: mighty, non-regenerating
A: damage resistance, recharge devices, deterioration 1, negative energy
resistance 1, sense surroundings 2, slow regeneration 3
a: Device Recharging, Lesser Healing, Heal Other, Purification, Divine
Protection, Renounce Religion, Evoke Flight


You were on level 2 of the Shoals.
You worshipped Elyvilon.
Elyvilon was most pleased with you.
You were very hungry.

You visited 5 branches of the dungeon, and saw 26 of its levels.
You also visited: Labyrinth, Bailey and Ice Cave.

You collected 3161 gold pieces.
You spent 256 gold pieces at shops.

Inventory:

Hand Weapons
 A - a +3 scimitar of flaming (weapon)
 K - a +2 long sword
 Q - a +0 scimitar of electrocution
 R - a +3 long sword
Armour
 b - the +1 cloak of Chimes (worn) {rF+ rN+ Regen+ Stlth+}
   (You acquired it in a bailey)

   It protects you from fire.
   It protects you from negative energy.
   It increases your rate of regeneration.
   It makes you more stealthy.
 c - a +1 shield
 z - a +0 pair of gloves (worn)
 C - the +5 scale mail "Cynuat Wong" (worn) {rF- Str+5 Dex+2}
   (You found it on level 6 of the Dungeon)

   It affects your strength (+5).
   It affects your dexterity (+2).
   It makes you vulnerable to fire.
 L - a +0 shield of protection (worn)
Jewellery
 o - a +2 amulet of reflection (around neck)
 F - an uncursed ring of flight
 H - an uncursed ring of poison resistance
 I - an uncursed ring of resist corrosion
 M - the ring "Wurchull" (right hand) {*Slow rElec Dex+5 SInv}
   (You found it in a labyrinth)

   [ring of see invisible]

   It affects your dexterity (+5).
   It insulates you from electricity.
   It lets you see invisible.
   It may slow you when you take damage.
 O - the ring of Womof (left hand) {Wiz *Contam +Fly rF+ Dex+8}
   (You found it in a labyrinth)

   [ring of wizardry]

   It improves your spell success rate.
   It affects your dexterity (+8).
   It protects you from fire.
   It lets you fly.
   It causes magical contamination when unequipped.
 T - an uncursed ring of protection from magic
 V - the ring of Shadows {Umbra +Inv Stlth+}
   (You found it in an ice cave)

   [ring of stealth]

   It lets you turn invisible.
   It makes you more stealthy.
Wands
 d - a wand of lightning (4/15)
 e - a wand of heal wounds (0/9)
 E - a wand of disintegration (6/24)
 J - a wand of digging (8/24)
 S - a wand of iceblast (8/15)
Scrolls
 a - 3 scrolls of magic mapping
 g - 4 scrolls of enchant armour
 q - 7 scrolls of remove curse
 v - 6 scrolls of teleportation
 w - 2 scrolls of fear
 y - 5 scrolls of identify
 B - 3 scrolls of enchant weapon
 D - 2 scrolls of fog
 G - 6 scrolls of recharging
 P - a scroll of amnesia
Potions
 i - 3 potions of resistance
 k - a potion of magic
 l - 12 potions of curing
 m - a potion of flight
 p - 2 potions of brilliance
 r - a potion of mutation
 s - a potion of ambrosia
 t - 5 potions of heal wounds
Books
 N - a book of Ice

   Spells                             Type                      Level
   a - Ice Form                       Ice/Transmutation            4
   b - Metabolic Englaciation         Hexes/Ice                    5
   c - Ozocubu's Refrigeration        Ice                          6
   d - Bolt of Cold                   Conjuration/Ice              6
   e - Freezing Cloud                 Conjuration/Ice/Air          6
   f - Simulacrum                     Ice/Necromancy               6
Comestibles
 f - 13 bread rations
 h - 4 beef jerkies
 n - 3 royal jellies
 x - 12 meat rations


   Skills:
 + Level 12.6 Fighting
 + Level 15.0 Long Blades
 + Level 12.4 Armour
 + Level 9.8 Dodging
 + Level 6.4 Stealth
 + Level 17.5 Shields
 + Level 11.5 Invocations
 + Level 2.7 Evocations


You had 15 spell levels left.
You didn't know any spells.

Dungeon Overview and Level Annotations

Branches:
Dungeon (15/15) Temple (1/1) D:4 Lair (6/6) D:11 Shoals (2/4) Lair:3 Snake (0/4) Lair:4 Slime (0/5) Lair:5 Orc (2/2) D:9 Elf (0/3) Orc:1 Orc:2 Vaults (0/5) D:14 Depths (0/5) D:15

Altars:
Ashenzari
Cheibriados
Dithmenos
Elyvilon
Fedhas
Gozag
Hepliaklqana
Kikubaaqudgha
Makhleb
Nemelex Xobeh
Okawaru
Qazlal
Ru
Sif Muna
Trog
Uskayaw
Vehumet
Xom
Yredelemnul
Zin
The Shining One
Beogh

Shops:
Orc:2 [%(}

Annotations:
Shoals:2 dricus's ghost, adept HOBe


Innate Abilities, Weirdness & Mutations

You are resistant to damage.
You can recharge devices by infusing magical energy.
You resist negative energy. (rN+)
You passively map the area around you.
You do not regenerate.
Your body sometimes deteriorates upon taking damage.


Message History

You block dricus's ghost's attack.
You hit dricus's ghost but do no damage.
Dricus's ghost is almost destroyed.
You barely miss dricus's ghost.
Dricus's ghost is almost destroyed.
You block dricus's ghost's attack.
You completely miss dricus's ghost.
Dricus's ghost is almost destroyed.
Dricus's ghost barely misses you.
You hit dricus's ghost but do no damage.
Dricus's ghost is almost destroyed.
You slice dricus's ghost!! You burn dricus's ghost.
Dricus's ghost is almost destroyed.
Dricus's ghost completely misses you.
You closely miss dricus's ghost.
Dricus's ghost is almost destroyed.
Dricus's ghost hits you!!
* * * LOW HITPOINT WARNING * * *
Dricus's ghost freezes you!
You die...

≈ ≈ ≈
#.≈≈≈..≈...# ≈ ≈
#####..≈≈≈..≈..#
, ≈
......≈≈≈≈..≈≈..
≈
......≈≈≈≈≈≈≈≈≈.
≈ ≈ , ≈
≈≈≈...≈≈≈≈≈≈≈≈≈≈
≈ ,
≈≈≈≈.≈≈≈≈≈≈≈≈≈≈≈
≈
≈≈≈≈≈≈≈≈≈≈≈≈≈≈≈≈
≈≈ * ,
≈≈≈≈≈≈≈≈@W.≈≈≈≈≈
,,
≈≈≈≈≈≈≈≈.##..≈≈≈≈
, , , , ...≈≈≈†.#
.≈≈≈≈ , ,
,.#..≈≈≈.#
*,≈≈≈≈≈≈ ≈ ≈ ,
##.%≈..# > ≈≈≈≈≈
,* *#..≈.##
**,≈≈≈≈ ≈ ≈ ,
*#.≈≈.. * ≈≈ ≈
#.≈≈≈. , ≈ ≈,
≈≈≈≈≈.* , ≈


You could see dricus's ghost.

Vanquished Creatures
  Saint Roka (Orc:1)
  Rupert (Lair:3)
  Frances (D:13)
  A fire giant (D:15)
  Louise (D:15)
  Nessos (D:15)
  Snorg (Lair:3)
  A minotaur (Lab)
  2 merfolk impalers (Shoals:1)
  Erolcha (D:10)
  Harold (D:10)
  2 ice dragons (IceCv)
  5 vault guards (D:14)
  6 hydras
  3 centaur warriors
  Erica (D:10)
  An ogre mage (D:14)
  3 catoblepae
  4 tengu warriors
  Urug (Lair:5)
  The ghost of lupus83 the Basher, a journeyman VSFi of Okawaru (Lair:3)
  A deep elf knight (D:14)
  Nergalle (Lair:3)
  7 skeletal warriors (D:14)
  The ghost of ohados the Transmogrifier, a novice DrTm of Okawaru (D:10)
  2 sea snakes (Shoals:1)
  3 unseen horrors
  A wizard (D:14)
  3 wolf spider zombies
  4 hill giants
  4 ugly things
  6 orc knights
  3 deep elf magi
  6 manticores
  2 oklob plants
  A wolf spider (Lair:6)
  An orc sorcerer (Orc:1)
  5 cyclopes
  9 elephants
  2 sirens (Shoals:1)
  A guardian serpent (Lair:6)
  2 ice statues (IceCv)
  10 black mambas
  Joseph (D:8)
  A torpor snail (Lair:4)
  A gargoyle (D:14)
  2 water nymphs (Shoals:1)
  15 spiny frogs
  13 komodo dragons
  3 rime drakes
  An efreet (D:13)
  A yaktaur (shapeshifter) (D:15)
  2 hellwings (D:10)
  3 merfolk
  10 trolls
  6 hornets
  A wind drake (Shoals:1)
  2 two-headed ogres
  20 blink frogs
  8 slime creatures (D:14)
  3 meliai (D:14)
  5 dream sheep (Lair:4)
  2 snapping turtles (Shoals:1)
  13 hippogriffs
  2 shadows
  A vampire (D:15)
  14 wyverns
  2 wraiths
  6 basilisks
  3 hungry ghosts
  4 water elementals (D:14)
  58 yaks
  A steam dragon (Lair:6)
  A mottled dragon (Lair:6)
  4 wargs
  A soldier ant (D:15)
  24 water moccasins
  Duvessa (D:7)
  A porcupine (Lair:1)
  A swamp drake (Lair:6)
  46 orc warriors
  16 ice beasts
  3 black bears
  A hornet zombie (D:10)
  A phantom (D:13)
  4 sky beasts
  An eye of draining (D:12)
  4 necrophages
  19 ogres
  5 wolves
  20 centaurs
  14 crocodiles
  19 bullfrogs
  4 big kobolds
  2 gnoll sergeants (D:9)
  Dowan (D:7)
  2 earth elementals (Lab)
  3 wyvern zombies (D:10)
  A wyvern skeleton (D:14)
  4 scorpions
  18 killer bees
  5 electric eels
  19 wights
  6 howler monkeys
  8 crimson imps
  2 bullfrog zombies
  3 centaur zombies
  13 orc priests
  13 hounds
  2 quasits
  12 jellies
  4 centaur skeletons
  4 iguanas
  16 orc wizards
  18 worker ants
  A hound skeleton (D:8)
  A howler monkey zombie (D:5)
  2 worker ant zombies (D:11)
  3 gnolls (D:9)
  A howler monkey skeleton (D:5)
  21 adders
  5 shadow imps
  2 oozes
  An adder zombie (D:6)
  2 worms
  A dart slug (D:1)
  3 leopard geckos
  97 orcs
  4 giant cockroaches
  8 goblins
  8 hobgoblins
  23 jackals
  7 quokkas
  2 ball pythons
  7 bats
  2 frilled lizards (D:2)
  11 kobolds
  2 quokka skeletons
  6 rats
  A fungus (D:11)
885 creatures vanquished.

Vanquished Creatures (others)
  An orc knight (Orc:2)
  A cyclops (D:14)
  A vampire (D:10)
  8 orc warriors
  7 centaurs
  2 killer bees (D:13)
  An orc wizard (D:9)
  13 orcs
  21 fungi
  22 plants
  8 withered plants (D:10)
85 creatures vanquished.

Grand Total: 970 creatures vanquished

Notes
Turn   | Place    | Note
-------+----------+-------------------------------------------
     0 | D:1      | Peloso the Deep Dwarf Fighter began the quest for the Orb.
     0 | D:1      | Reached XP level 1. HP: 20/20 MP: 1/1
    72 | D:1      | Reached XP level 2. HP: 21/27 MP: 2/2
   764 | D:2      | Reached XP level 3. HP: 20/33 MP: 3/3
  1294 | D:2      | Found a bloodstained altar of Trog.
  1565 | D:3      | Reached XP level 4. HP: 11/42 MP: 4/4
  1671 | D:3      | Reached skill level 4 in Shields
  1756 | D:3      | Reached XP level 5. HP: 26/49 MP: 5/5
  2483 | D:4      | Noticed an ogre
  2566 | D:3      | Reached skill level 1 in Dodging
  2566 | D:3      | Reached XP level 6. HP: 41/56 MP: 6/6
  2687 | D:4      | Found a staircase to the Ecumenical Temple.
  2693 | Temple   | Entered the Ecumenical Temple
  2821 | Temple   | Became a worshipper of Elyvilon the Healer
  2873 | D:4      | Found a bloodstained altar of Trog.
  2873 | D:4      | Found a faded altar of an unknown god.
  2883 | D:4      | Found a shimmering altar of Xom.
  2885 | D:4      | Found a shattered altar of Ashenzari.
  2888 | D:4      | Found a basalt altar of Yredelemnul.
  3057 | D:5      | Entered Level 5 of the Dungeon
  3086 | D:5      | Reached skill level 5 in Shields
  3152 | D:5      | Reached * piety under Elyvilon
  3242 | D:5      | Reached XP level 7. HP: 38/62 MP: 7/7
  3651 | D:5      | Reached skill level 5 in Long Blades
  3716 | D:5      | Reached ** piety under Elyvilon
  4093 | D:6      | Found a burning altar of Makhleb.
  4292 | D:6      | Reached skill level 1 in Invocations
  4315 | D:6      | Reached skill level 5 in Armour
  4453 | D:6      | Reached skill level 6 in Shields
  4453 | D:6      | Reached XP level 8. HP: 49/72 MP: 8/8
  4521 | D:6      | Got a smelly scale mail
  4532 | D:6      | Identified the +5 scale mail "Cynuat Wong" {rF- Str+5 Dex+2} (You found it on level 6 of the Dungeon)
  4846 | D:6      | Found an opulent altar of Gozag.
  5075 | D:7      | Found a flagged portal.
  5222 | D:7      | Noticed Duvessa
  5223 | D:7      | Noticed Dowan
  5264 | D:7      | Reached skill level 7 in Shields
  5289 | D:7      | Killed Duvessa
  5307 | D:7      | Gained mutation: You passively map the area around you. [Deep Dwarf growth]
  5307 | D:7      | Reached XP level 9. HP: 75/78 MP: 7/10
  5328 | Bailey   | Entered a bailey
  5361 | Bailey   | Reached *** piety under Elyvilon
  5671 | Bailey   | Noticed an orc knight
  5697 | Bailey   | Killed an orc knight
  5697 | Bailey   | Reached skill level 8 in Shields
  5705 | Bailey   | Elyvilon protects you from harm!
  5899 | Bailey   | Identified a scroll of acquirement
  5902 | Bailey   | Got a shimmering cloak
  5913 | Bailey   | Identified the +1 cloak of Chimes {rF+ rN+ Regen+ Stlth+} (You acquired it in a bailey)
  5970 | D:7      | Killed Dowan
  6069 | D:7      | Reached skill level 5 in Fighting
  6171 | D:7      | Reached skill level 1 in Evocations
  6704 | D:8      | Noticed Joseph
  6728 | D:8      | Killed Joseph
  6750 | D:8      | Reached XP level 10. HP: 72/88 MP: 13/13
  6986 | D:8      | Found an iron altar of Okawaru.
  7007 | D:8      | Reached skill level 9 in Shields
  7351 | D:8      | Got a fine trident
  7352 | D:8      | Identified the +5 trident "Ozola" {pierce, Dex+2} (You found it on level 8 of the Dungeon)
  7600 | D:9      | Reached skill level 1 in Stealth
  7848 | D:9      | Reached skill level 10 in Long Blades
  8424 | D:9      | Reached **** piety under Elyvilon
  8437 | D:9      | Found a staircase to the Orcish Mines.
  8493 | D:9      | Reached skill level 10 in Shields
  8547 | D:9      | Reached XP level 11. HP: 33/98 MP: 14/14
  8752 | D:10     | Entered Level 10 of the Dungeon
  8778 | D:10     | Noticed Harold
  8780 | D:10     | Reached skill level 5 in Invocations
  8822 | D:10     | Killed Harold
  8905 | D:10     | Noticed a hill giant
  8915 | D:10     | Killed a hill giant
  8915 | D:10     | Reached skill level 5 in Dodging
  8983 | D:10     | Noticed ohados's ghost (novice DrTm)
  9093 | D:10     | Killed ohados's ghost
  9341 | D:10     | Killed an unseen horror
  9376 | D:10     | Noticed Erolcha
  9389 | D:10     | Killed Erolcha
  9389 | D:10     | Reached skill level 11 in Shields
  9493 | D:10     | Noticed a centaur warrior
  9497 | D:10     | Noticed a hill giant
  9505 | D:10     | Killed a centaur warrior
  9514 | D:10     | Killed a hill giant
  9514 | D:10     | Reached skill level 10 in Armour
  9652 | D:10     | Noticed Erica
  9666 | D:10     | Killed Erica
  9666 | D:10     | Reached XP level 12. HP: 106/111 MP: 9/16
 10319 | D:11     | Reached skill level 12 in Shields
 10348 | D:11     | Found a staircase to the Lair.
 10428 | Lair:1   | Entered Level 1 of the Lair of Beasts
 10517 | Lair:1   | Noticed an eight-headed hydra
 10614 | Lair:1   | Killed a one-headed hydra
 10884 | Lair:1   | Noticed a seven-headed hydra
 10893 | Lair:1   | Killed a two-headed hydra
 11491 | Lair:2   | Noticed a catoblepas
 11527 | Lair:2   | Killed a catoblepas
 11867 | Lair:3   | Noticed Snorg
 11880 | Lair:3   | Killed Snorg
 11937 | Lair:3   | Noticed Rupert
 11959 | Lair:3   | Killed Rupert
 11959 | Lair:3   | Reached XP level 13. HP: 21/123 MP: 19/19
 12020 | Lair:3   | Noticed Nergalle
 12029 | Lair:3   | Killed Nergalle
 12033 | Lair:3   | Reached skill level 10 in Fighting
 12069 | Lair:3   | Found a staircase to the Shoals.
 12099 | Lair:3   | Found a frozen archway.
 12103 | IceCv    | Entered an ice cave
 12169 | IceCv    | Reached skill level 13 in Shields
 12735 | Lair:3   | Noticed lupus83's ghost (journeyman VSFi)
 12750 | Lair:3   | Killed lupus83's ghost
 14031 | Lair:4   | Found a staircase to the Snake Pit.
 14605 | Lair:5   | Reached ***** piety under Elyvilon
 14625 | Lair:5   | Noticed Urug
 14638 | Lair:5   | Killed Urug
 14765 | Lair:5   | Found a staircase to the Slime Pits.
 15303 | Lair:5   | Reached skill level 14 in Shields
 15331 | Lair:5   | Gained mutation: You resist negative energy. (rN+) [Deep Dwarf growth]
 15331 | Lair:5   | Reached XP level 14. HP: 131/133 MP: 20/20
 15854 | Lair:6   | Entered Level 6 of the Lair of Beasts
 16315 | Lair:6   | Paralysed by a hornet for 2 turns
 16486 | Lair:6   | Paralysed by a hornet for 2 turns
 17601 | Lair:6   | Reached skill level 15 in Shields
 17855 | Orc:1    | Entered Level 1 of the Orcish Mines
 18334 | Orc:2    | Entered Level 2 of the Orcish Mines
 18334 | Orc:2    | Found a staircase to the Elven Halls.
 18336 | Orc:2    | Noticed Saint Roka
 18359 | Orc:2    | Found a roughly hewn altar of Beogh.
 18394 | Orc:2    | Found a labyrinth entrance.
 18397 | Lab      | Entered a labyrinth
 18710 | Lab      | Got a wavering tin ring
 18710 | Lab      | Got a smoking wooden ring
 18715 | Lab      | Identified the ring "Wurchull" {*Slow rElec Dex+5 SInv} (You found it in a labyrinth)
 18717 | Lab      | Identified the ring of Womof {Wiz *Contam +Fly rF+ Dex+8} (You found it in a labyrinth)
 18753 | Lab      | Got a crude quarterstaff
 18753 | Lab      | Got a colourful robe
 18862 | Orc:1    | Identified the cursed +0 robe of Ucius {-Tele rC+ Int+3} (You found it in a labyrinth)
 18972 | Orc:1    | Reached skill level 10 in Invocations
 19385 | Orc:1    | Killed Saint Roka
 19385 | Orc:1    | Reached XP level 15. HP: 42/142 MP: 22/22
 19522 | Orc:2    | Found Plog's Food Boutique.
 19522 | Orc:2    | Found Wejoesk's Weapon Emporium.
 19524 | Orc:2    | Found Tinnuf's Gadget Shoppe.
 19526 | Orc:2    | Found Ciopeala's Antique Armour Shop.
 19619 | Orc:2    | Bought a twisted chain mail for 256 gold pieces
 19680 | Orc:2    | Identified the +4 chain mail "Coix" {Str+2} (You bought it in a shop on level 2 of the Orcish Mines)
 21836 | D:13     | Reached skill level 16 in Shields
 22051 | D:13     | Gained mutation: Your body sometimes deteriorates upon taking damage. [mutagenic glow]
 22063 | D:13     | Noticed Frances
 22077 | D:13     | Killed Frances
 22629 | D:14     | Reached skill level 5 in Stealth
 23333 | D:14     | Found a gate to the Vaults.
 23488 | D:14     | Reached skill level 17 in Shields
 23659 | D:14     | Reached XP level 16. HP: 91/153 MP: 24/24
 23988 | D:15     | Entered Level 15 of the Dungeon
 23988 | D:15     | Noticed Nessos
 24013 | D:15     | Killed Nessos
 24276 | D:15     | Found a staircase to the Depths.
 24418 | D:15     | Noticed Louise
 24435 | D:15     | Killed Louise
 24994 | Shoals:1 | Entered Level 1 of the Shoals
 25120 | Shoals:1 | Reached skill level 15 in Long Blades
 25547 | Shoals:2 | Noticed dricus's ghost (adept HOBe)
 25577 | Shoals:2 | HP: 1/154 [dricus's ghost (14)]
 25644 | Shoals:2 | HP: 5/154 [dricus's ghost (4)]
 25658 | Shoals:2 | HP: 3/154 [dricus's ghost (29)]
 25658 | Shoals:2 | Mangled by dricus's ghost

Skill      XL: |  1  2  3  4  5  6  7  8  9 10 11 12 13 14 15 16 |
---------------+-------------------------------------------------+-----
Fighting       | 3 4 5 6 8 9 10 11 12 | 12.6
Long Blades    | 3 4 6 7 9 10 11 12 13 14 15 | 15.0
Armour         | 4 5 6 8 10 11 12 | 12.4
Shields        | 4 5 6 7 8 10 11 12 14 15 17 | 17.5
Dodging        | 1 2 3 4 6 7 8 9 |  9.8
Invocations    | 1 2 4 6 8 9 10 11 | 11.5
Evocations     | 1 2 |  2.7
Stealth        | 1 3 4 5 6 |  6.4

Action                   |  1- 3 |  4- 6 |  7- 9 | 10-12 | 13-15 | 16-18 || total
-------------------------+-------+-------+-------+-------+-------+-------++-------
Melee: Long sword        |   138 |   223 |   611 |   923 |       |       ||  1895
       Hand axe          |       |     4 |       |       |       |       ||     4
       Scimitar          |       |       |       |   228 |  2032 |   370 ||  2630
Invok: Lesser Healing    |       |       |    63 |   162 |   216 |    61 ||   502
       Divine Protection |       |       |       |     1 |       |     1 ||     2
       Greater Healing   |       |       |       |       |    15 |       ||    15
 Abil: Evoke Flight      |       |       |       |       |     1 |     2 ||     3
Evoke: Wand              |       |     4 |     2 |    13 |     8 |     3 ||    30
  Use: Scroll            |       |    10 |     5 |     8 |    21 |     2 ||    46
       Potion            |       |       |     4 |     2 |     2 |     1 ||     9
 Stab: Sleeping          |       |       |       |     1 |    23 |     6 ||    30
       Distracted        |       |       |       |       |     3 |     1 ||     4
       Petrifying        |       |       |       |       |     1 |       ||     1
  Eat: Chunk             |     2 |     2 |    19 |    32 |    67 |    14 ||   136
       Bread ration      |       |     1 |       |     3 |       |       ||     4
       Beef jerky        |       |       |     1 |     2 |       |       ||     3
       Pizza             |       |       |       |     1 |     2 |       ||     3
       Fruit             |       |       |       |       |    13 |     2 ||    15
       Royal jelly       |       |       |       |       |     1 |       ||     1
Armor: Scale mail        |    58 |    38 |   118 |   350 |   349 |    49 ||   962
       Chain mail        |       |    33 |    85 |       |       |       ||   118
       Plate armour      |       |       |       |       |     4 |       ||     4
Dodge: Dodged            |    40 |    60 |   170 |   346 |   774 |   114 ||  1504
Block: Shield            |    78 |   150 |   476 |   900 |  1809 |   251 ||  3664
       Reflection        |       |       |    43 |     6 |   137 |     7 ||   193
       Rpst.: Long sword |    15 |    24 |    45 |    71 |       |       ||   155
       Scimitar          |       |       |       |    21 |   196 |    17 ||   234
